 Dungeon Crawl Stone Soup version 0.20-a0-1122-gb7cbeb9 (webtiles) character file.

65 qqqbard the Digger (level 4, -2/24 HPs)
             Began as a Gargoyle Earth Elementalist on May 11, 2017.
             Slain by grandjackal's ghost (12 damage)
             ... on level 3 of the Dungeon.
             The game lasted 00:04:43 (2435 turns).

qqqbard the Digger (Gargoyle Earth Elementalist)    Turns: 2435, Time: 00:04:44

Health: -2/24      AC:  8    Str: 11 (14) XL:     4   Next: 14%
Magic:  3/9        EV: 12    Int: 16 (17) God:
Gold:   90         SH:  0    Dex:  7 (10) Spells: 6/10 levels left

rFire    . . .     SeeInvis .   u - +0 dagger
rCold    . . .     Gourm    .   (no shield)
rNeg     + . .     Faith    .   c - +0 robe
rPois    ∞         Spirit   .   f - +0 hat
rElec    +         Reflect  .   (no cloak)
rCorr    .         Harm     .   j - +2 pair of gloves {Str+3}
MR       .....                  (no boots)
Stlth    ++........             (no amulet)
Regen    0.1/turn               (no ring)
MPRegen  0.2/turn               (no ring)

@: no status effects
A: negative energy resistance 1, electricity resistance, unbreathing,
petrification resistance, rot immunity, AC +3
a: no special abilities


You were on level 3 of the Dungeon.
You were near starving.

You visited 1 branch of the dungeon, and saw 3 of its levels.

You collected 90 gold pieces.

Inventory:

Hand Weapons
 u - a +0 dagger (weapon)
Missiles
 b - 49 stones (quivered)
Armour
 c - a +0 robe (worn)
 f - a +0 hat (worn)
 j - a +2 pair of gloves of strength (worn)
Scrolls
 a - 2 scrolls of teleportation {unknown}
 g - a scroll of enchant armour {unknown}
 i - a scroll of remove curse {unknown}
 l - a scroll of magic mapping {unknown}
 n - a scroll of fear {unknown}
 p - a scroll of identify {unknown}
Potions
 m - a potion of degeneration
 q - a potion of resistance
Books
 e - a book of Geomancy

   Spells                             Type                      Level
   a - Sandblast                      Earth                        1
   b - Passwall                       Transmutation/Earth          2
   c - Stone Arrow                    Conjuration/Earth            3
   d - Petrify                        Transmutation/Earth          4
   e - Lee's Rapid Deconstruction     Earth                        5
 t - a book of Maledictions

   Spells                             Type                      Level
   a - Corona                         Hexes                        1
   b - Ensorcelled Hibernation        Hexes/Ice                    2
   c - Confuse                        Hexes                        3
   d - Tukima's Dance                 Hexes                        3
   e - Dazzling Spray                 Conjuration/Hexes            3
Comestibles
 d - 2 bread rations
 k - a meat ration
 o - 4 fruits


   Skills:
 - Level 1.5 Dodging
 - Level 2.1 Stealth
 * Level 3.5 Spellcasting
 + Level 0.4 Conjurations
   Level 0.7 Transmutations
 + Level 4.2 Earth Magic


You had 6 spell levels left.
You knew the following spells:

 Your Spells              Type           Power        Failure   Level  Hunger
a - Sandblast             Erth           ###...       3%          1    None
b - Stone Arrow           Conj/Erth      ##....       21%         3    ###....


Dungeon Overview and Level Annotations

Branches:
Dungeon (3/15)

Altars:
Hepliaklqana
Sif Muna

Annotations:
D:3 grandjackal's ghost, amateur DsFi


Innate Abilities, Weirdness & Mutations

You are resistant to torment.
Your stone body is resilient. (AC +3)
You are immune to poison.
You resist negative energy. (rN+)
You are resistant to electric shocks. (rElec)
You can survive without breathing.
You are immune to petrification.
You are immune to rotting.


Message History

Aim: grandjackal's ghost
Okay, then.
Casting: Sandblast
Confirm with . or Enter, or press ? or * to list all spells.
Aiming: Stone Arrow
Press: ? - help, Shift-Dir - straight line, f - grandjackal's ghost
Aim: grandjackal's ghost The stone arrow hits grandjackal's ghost.
Grandjackal's ghost is lightly damaged.
Grandjackal's ghost hits you!
Casting: Stone Arrow
Confirm with . or Enter, or press ? or * to list all spells.
Aiming: Stone Arrow
Press: ? - help, Shift-Dir - straight line, f/p - grandjackal's ghost
Aim: grandjackal's ghost (lightly damaged)
The stone arrow hits grandjackal's ghost.
Grandjackal's ghost is lightly damaged.
Grandjackal's ghost hits you!
Ouch! That really hurt!
You die...

.....#..# #.....###...####...
.....#).+ #......#...........
##.#....# #......##..........
#.#....#######...............)).
#.#.........................#...
#.####.#####+#.............)#...
##.#..............#..........####
...##.#.###..................####
....#.#...#....W@................
....'.#..........................
....###...##......#..............
....'......'......#..............
....###....#......#......#.......
....# #....#......#......#.......
....# #....#.............#.......
....# #....#######.........#####.
....# #........ #......########.


You could see grandjackal's ghost.

Vanquished Creatures
  An adder (D:2)
  2 worms (D:2)
  2 dart slugs (D:1)
  3 orcs (D:3)
  4 bats
  6 goblins
  3 hobgoblins
  5 jackals
  A ball python (D:1)
  3 frilled lizards
  5 kobolds
  8 rats
43 creatures vanquished.

Notes
Turn   | Place    | Note
-------+----------+-------------------------------------------
     0 | D:1      | qqqbard the Gargoyle Earth Elementalist began the quest for the Orb.
     0 | D:1      | Reached XP level 1. HP: 10/10 MP: 3/3
   286 | D:1      | Reached XP level 2. HP: 15/15 MP: 1/5
   757 | D:1      | Reached XP level 3. HP: 16/19 MP: 5/7
   762 | D:1      | Learned a level 3 spell: Stone Arrow
   904 | D:2      | Found a hazy altar of Hepliaklqana.
   911 | D:2      | Reached skill level 4 in Earth Magic
  1018 | D:2      | Found a deep blue altar of Sif Muna.
  1728 | D:3      | Reached XP level 4. HP: 20/24 MP: 7/9
  1799 | D:3      | Noticed grandjackal's ghost (amateur DsFi)
  2435 | D:3      | Slain by grandjackal's ghost

Vault maps used:
D:1:      dpeg_arrival_shelter, minmay_tall_x
D:2:      lemuel_doored_altar, led_sif_pool, minmay_misc_feat_chi
D:3:      elyvilon_altar_4, minmay_overflow_temple_star_quad, fedhas_altar_4

Skill      XL: |  1  2  3 |
---------------+----------+-----
Spellcasting   | 3 |  3.5
Earth Magic    | 4 |  4.2
Dodging        | |  1.5
Stealth        | |  2.1
Conjurations   | |  0.4
Transmutations | |  0.7

Action                   |  1- 3 |  4- 6 || total
-------------------------+-------+-------++-------
Melee: Unarmed           |   165 |    11 ||   176
       Dagger            |       |     8 ||     8
 Cast: Sandblast         |    36 |     7 ||    43
       Stone Arrow       |     5 |    10 ||    15
  Use: Potion            |       |     5 ||     5
 Stab: Distracted        |     1 |       ||     1
       Sleeping          |     1 |       ||     1
  Eat: Chunk             |     4 |     1 ||     5
Armor: Robe              |    84 |     7 ||    91
Dodge: Dodged            |   170 |    23 ||   193
